 Dungeon Crawl Stone Soup version 0.14-a0-155-gd989017 (webtiles) character file.

217 Malachi the Skirmisher (level 4, -4/39 HPs)
             Began as a Centaur Fighter on Oct 4, 2013.
             Killed by divine providence
             ... invoked by an orc priest
              (13 damage)
             ... on Level 3 of the Dungeon.
             The game lasted 00:03:49 (1601 turns).

Malachi the Skirmisher (Centaur Fighter)            Turns: 1601, Time: 00:03:50

HP  -4/39        AC  8     Str 20      XL: 4   Next: 35%
MP   2/2         EV  3     Int  7      God:
Gold 125         SH 17     Dex  8      Spells:  0 memorised,  3 levels left

Res.Fire  : . . .   See Invis. : .   l - +0,+3 whip (vamp)
Res.Cold  : . . .   Warding    : .   s - +0 chain mail
Life Prot.: + . .   Conserve   : .   c - +0 shield
Res.Poison: .       Res.Corr.  : .   (no helmet)
Res.Elec. : .       Clarity    : .   (no cloak)
Sust.Abil.: . .     Spirit.Shd : .   (no gloves)
Res.Mut.  : .       Stasis     : .   (no barding)
Res.Rott. : .       Flight     : .   (no amulet)
Saprovore : . . .                    (no ring)
                                     f - ring of positive energy

@: very quick, slightly resistant to hostile enchantments, extremely unstealthy
A: hooves 3, deformed body, herbivore 1, speed 2, fast metabolism 1, tough skin
3
a: no special abilities


You were on level 3 of the Dungeon.
You were hungry.

You visited 1 branch of the dungeon, and saw 3 of its levels.

You collected 105 gold pieces.

Inventory:

Hand weapons
 a - a +0,+0 trident
 l - a +0,+3 vampiric whip (weapon)
Missiles
 i - 8 steel tomahawks (quivered)
Armour
 b - a +0 scale mail
 c - a +0 shield (worn)
 s - a +0 chain mail (worn)
Comestibles
 d - 3 bread rations
 k - a pear
 p - a choko
 x - a chunk of orc flesh
Scrolls
 h - 6 scrolls of identify
 o - a scroll of enchant weapon II {unknown}
 r - a scroll of recharging {unknown}
 t - 2 scrolls of remove curse {unknown}
 v - a scroll of random uselessness {unknown}
Jewellery
 f - a ring of positive energy (left hand)
 n - a cursed -2 ring of dexterity
Potions
 e - a potion of paralysis {unknown}
 g - a potion of curing {unknown}
 j - 2 potions of might {unknown}
 m - a potion of brilliance {unknown}
 q - 2 potions of speed {unknown}
 u - a potion of mutation {unknown}
 w - a potion of slowing {unknown}


   Skills:
 + Level 3.7 Fighting
 + Level 0.8 Maces & Flails
 + Level 2.2 Polearms
 + Level 2.8 Armour
 + Level 0.3 Dodging
 + Level 2.3 Shields


You had 3 spell levels left.
You didn't know any spells.

Dungeon Overview and Level Annotations

Branches:
Dungeon (3/27)

Altars:


Innate Abilities, Weirdness & Mutations

You have hooves in place of feet.
Armour fits poorly on your strangely shaped body.
You digest meat inefficiently.
You cover ground very quickly.
You have a fast metabolism.
You have extremely tough skin (AC +3).


Message History

The orc priest invokes the aid of Beogh against you.
You resist.
You hit the orc priest.
You feel better.
Your kick misses the orc priest.
The orc priest is moderately wounded.
You block the orc's attack.
The orc priest mumbles some strange prayers to Beogh against you.
Pain shoots through your body!
* * * LOW HITPOINT WARNING * * *
You are too injured to fight recklessly!
You are too injured to fight recklessly!
You are too injured to fight recklessly!
You are too injured to fight recklessly!
You see here a tomahawk.
The orc throws a tomahawk.
The tomahawk hits you!
* * * LOW HITPOINT WARNING * * *
The orc priest calls down the wrath of Beogh upon you.
You resist.
The orc priest invokes the aid of Beogh against you.
Something smites you!
You die...

##### #.# .## .#
#.# ..#..#
#.##....##
#.(.)o.%.#
#o##.....#
########.# #.#..#
#........# .# .#
#### #.######.###.#
...# #.# #....@...#
##.# #.# #.##.#####
#. #.###.##.# #.
##.##...#.#
#.####..#......##
#................#
#....###..........#
#....# #.....#..#.
#..%.###.######..


You could see an orc priest.

Vanquished Creatures
  Ijyb (D:3)
  An adder (D:3)
  A giant mite (D:3)
  An ooze (D:2)
  4 orcs (D:3)
  9 bats
  2 giant cockroaches (D:1)
  9 goblins
  7 hobgoblins
  2 jackals (D:1)
  2 quokkas
  2 ball pythons
  5 giant newts
  8 rats
54 creatures vanquished.

Notes
Turn   | Place    | Note
--------------------------------------------------------------
     0 | D:1      | Malachi, the Centaur Fighter, began the quest for the Orb.
     0 | D:1      | Reached XP level 1. HP: 19/19 MP: 0/0
   143 | D:1      | Reached XP level 2. HP: 24/26 MP: 1/1
   780 | D:2      | Reached XP level 3. HP: 31/33 MP: 2/2
  1294 | D:3      | Noticed Ijyb
  1305 | D:3      | Killed Ijyb
  1374 | D:3      | Reached XP level 4. HP: 39/39 MP: 2/2
  1601 | D:3      | Killed from afar by an orc priest

Action                   |  1- 3 |  4- 6 || total
-------------------------+-------+-------++-------
Melee: Trident           |    43 |       ||    43
       Whip              |    80 |    27 ||   107
  Use: Scroll            |       |     3 ||     3
